 Dungeon Crawl Stone Soup version 0.24.0 (webtiles) character file.

Game seed: 7737879941080966488, levelgen mode: deterministic

42336 Inquire the Geomancer (level 13, -3/135 HPs)
             Began as a Troll Monk on Oct 25, 2019.
             Was the Champion of Makhleb.
             Killed by divine providence
             ... invoked by an orc priest
              (15 damage)
             ... on level 2 of the Orcish Mines.
             The game lasted 00:28:02 (13949 turns).

Inquire the Geomancer (Troll Monk)                 Turns: 13949, Time: 00:28:03

Health: -3/135     AC: 17    Str: 24    XL:     13   Next: 84%
Magic:  26/29      EV:  9    Int: 10    God:    Makhleb [******]
Gold:   1559       SH:  9    Dex: 12    Spells: 7/12 levels left

rFire    + + .     SeeInvis +     - Unarmed
rCold    . . .     Gourm    +   i - +1 shield {rF+}
rNeg     . . .     Faith    .   a - +2 robe {rF+}
rPois    +         Spirit   .   E - +3 crown of Dyrovepreva {rElec Int+2 SInv}
rElec    +         Reflect  .   t - +1 cloak
rCorr    .         Harm     .   (gloves unavailable)
MR       .....                  (boots unavailable)
Stlth    ++........             g - amulet "Jugubaep" {Regen+ MP+9}
HPRegen  1.12/turn              m - ring of poison resistance
MPRegen  0.21/turn              w - +4 ring of protection

@: no status effects
A: large, unfitting armour, claws 3, fast metabolism 3, gourmand, regeneration
1, shaggy fur 1, tough skin 3
a: Minor Destruction, Lesser Servant of Makhleb, Major Destruction, Greater
Servant of Makhleb, Renounce Religion


You were on level 2 of the Orcish Mines.
You worshipped Makhleb.
Makhleb was exalted by your worship.
You were very full.

You visited 3 branches of the dungeon, and saw 17 of its levels.
You also visited: Gauntlet and Volcano.

You collected 1713 gold pieces.
You spent 154 gold pieces at shops.

Inventory:

Hand Weapons
 p - the +12 Vampire's Tooth {vamp}
   (You found it in a Gauntlet)

   It inflicts no extra harm, but heals its wielder when it wounds a living foe.
 z - a +2 antimagic battleaxe
Missiles
 j - 47 poisoned darts (quivered)
 o - 14 javelins
Armour
 a - a +2 robe of fire resistance (worn)
 i - a +1 shield of fire resistance (worn)
 n - the +0 mask of the Dragon {MR+ Slay+3 SInv}
   (You found it in a Gauntlet)

   It affects your accuracy and damage with ranged weapons and melee attacks
   (+3).
   It affects your resistance to hostile enchantments.
   It lets you see invisible.
 t - a +1 cloak (worn)
 E - the +3 crown of Dyrovepreva (worn) {rElec Int+2 SInv}
   (You found it in a Gauntlet)

   It affects your intelligence (+2).
   It insulates you from electricity.
   It lets you see invisible.
Jewellery
 g - the amulet "Jugubaep" (around neck) {Regen+ MP+9}
   (You found it on level 12 of the Dungeon)

   [amulet of regeneration]

   It affects your magic capacity (+9).
   It increases your rate of regeneration.
 m - a ring of poison resistance (left claw)
 v - an uncursed ring of protection from cold
 w - a +4 ring of protection (right claw)
 y - an uncursed amulet of regeneration
 A - a +4 amulet of reflection
Wands
 c - a wand of polymorph (11)
 s - a wand of flame (38)
 B - a wand of digging (7)
 C - a wand of random effects (30)
 D - a wand of iceblast (7)
 G - a wand of paralysis (9)
Scrolls
 d - 8 scrolls of teleportation
 f - 7 scrolls of remove curse
 h - a scroll of enchant weapon
 l - 5 scrolls of amnesia
 q - a scroll of silence
Potions
 e - 3 potions of flight
 k - 2 potions of resistance
 u - a potion of magic
 x - a potion of ambrosia
Comestibles
 b - 34 rations


   Skills:
 - Level 10.7 Fighting
 - Level 1.1 Armour
 - Level 4.1 Dodging
 - Level 1.0 Stealth
 * Level 2.3 Shields
 - Level 12.6 Unarmed Combat
 - Level 13.0 Earth Magic
 - Level 11.1 Invocations


You had 7 spell levels left.
You knew the following spells:

 Your Spells              Type           Power        Failure   Level  Hunger
a - Passwall              Tmut/Erth      ##......     16%         2    ###....
b - Stone Arrow           Conj/Erth      ##....       32%         3    ####...

Your spell library contained the following spells:

 Spells                   Type           Power        Failure   Level  Hunger
 Sandblast                Erth           ####..       1%          1    ##.....
 Lee's Rapid Deconstruct  Erth           ####......   21%         5    ######.
 Petrify                  Tmut/Erth      ##......     71%         4    #####..
 Beastly Appendage        Tmut           #.....       83%         1    ##.....
 Confusing Touch          Hex            #.....       83%         1    ##.....
 Magic Dart               Conj           #...         83%         1    ##.....
 Poisonous Vapours        Pois/Air       #.....       93%         2    ###....
 Searing Ray              Conj           #.....       93%         2    ###....
 Sticks to Snakes         Tmut           #.......     93%         2    ###....
 Confuse                  Hex            #.......     99%         3    ####...
 Conjure Flame            Conj/Fire      #.......     99%         3    ####...
 Dazzling Spray           Conj/Hex       #.....       99%         3    ####...
 Gell's Gravitas          Tloc           #.........   99%         3    ####...
 Mephitic Cloud           Conj/Pois/Air  #.......     99%         3    ####...
 Spider Form              Tmut/Pois      #.........   99%         3    ####...
 Force Lance              Conj/Tloc      #.......     100%        4    #####..
 Fulminant Prism          Conj/Hex       #.........   100%        4    #####..
 Ice Form                 Ice/Tmut       #.......     100%        4    #####..
 Iskenderun's Mystic Bla  Conj           #.......     100%        4    #####..
 Blade Hands              Tmut           #.........   100%        5    ######.
 Metabolic Englaciation   Hex/Ice        #.........   100%        5    ######.
 Yara's Violent Unravell  Hex/Tmut       #.........   100%        5    ######.
 Freezing Cloud           Conj/Ice/Air   #.........   100%        6    #######
 Ring of Flames           Chrm/Fire      #.........   100%        7    #######


Dungeon Overview and Level Annotations

Branches:
Dungeon (13/15)            Temple (0/1) D:7            Lair (2/6) D:8
  Swamp (0/4) Lair:2          Orc (2/2) D:11        Volcano (visited)
Gauntlet (visited)
  Snake: Lair:2-4    Spider: Lair:2-4       Elf: Orc:2       Vaults: D:13-14

Altars:
Ashenzari
Dithmenos
Hepliaklqana
Makhleb
Qazlal
Ru
Zin
Beogh

Shops:
Orc:1 *

Annotations:
D:10 1 runed translucent door
Orc:2 Saint Roka


Innate Abilities, Weirdness & Mutations

You are too large for most types of armour.
You have claws for hands.
Your metabolism is lightning-fast.
You like to eat raw meat.
Your natural rate of healing is unusually fast.
You are covered in fur. (AC +1)
You have extremely tough skin. (AC +3)


Message History

The orc wizard mumbles some strange words.
The orc wizard flickers and vanishes for a moment.
The orc warrior hits you from afar with a +0 halberd.
* * * LOW HITPOINT WARNING * * *
Unknown command.
You claw the orc warrior!
You kill the orc warrior!
Makhleb accepts your kill.
The orc priest mumbles some strange prayers to Beogh against you.
Beogh smites you!
* * * LOW HITPOINT WARNING * * *
Unknown command.
Your shield prevents you from hitting the orc priest.
The orc priest is severely wounded.
The orc warrior hits you from afar with a +0 halberd!
* * * LOW HITPOINT WARNING * * *
The orc priest hits you but does no damage.
The orc priest calls down the wrath of Beogh upon you.
Beogh smites you!
You die...

#### ##..### ###
#.....##..## ##.........#
#@)....#..#.#
##oo.........
##oo).#.......
#.$o..#.......
##o#o#........
.ยง#...........
#.....#..........
#....#..........
#..........#...o##.#......


You could see 2 orc warriors and 3 orc priests.

Vanquished Creatures
  2 orc warlords (Orc:1)
  Azrael (D:12)
  Erica (D:9)
  A centaur warrior (D:13)
  A dancing weapon (Volcano)
  5 two-headed ogres
  2 unseen horrors
  4 wizards (Volcano)
  An ugly thing (D:13)
  3 orc knights
  3 orc sorcerers
  2 cyclopes
  A moth of wrath (Gauntlet)
  5 toenail golems (Volcano)
  Maurice (D:10)
  A gargoyle (D:12)
  5 centaur zombies
  2 spiny frogs
  4 komodo dragons
  A merfolk (D:10)
  A queen bee (Lair:1)
  3 trolls
  2 blink frogs (Lair:1)
  A hippogriff (D:11)
  5 flying skulls (Gauntlet)
  A centaur simulacrum (Gauntlet)
  Sigmund (D:5)
  A spriggan (D:10)
  2 wraiths (D:12)
  19 yaks
  3 fire elementals (D:12)
  3 basilisks
  2 hungry ghosts
  7 wargs
  4 insubstantial wisps (Lair:2)
  A harpy simulacrum (Gauntlet)
  An acid dragon (D:12)
  A water moccasin (D:13)
  4 hell hounds (D:12)
  3 porcupines
  34 orc warriors
  3 sky beasts
  3 ice beasts
  7 black bears
  13 ogres
  2 wolves (Gauntlet)
  10 centaurs
  3 crocodiles
  A big kobold (D:7)
  12 bullfrogs
  A wyvern skeleton (D:11)
  A hornet simulacrum (Gauntlet)
  6 scorpions
  27 killer bees
  9 wights (D:11)
  7 howler monkeys
  6 crimson imps
  3 quasits
  A jelly (D:5)
  8 hounds
  Crazy Yiuf (D:6)
  2 bullfrog skeletons
  2 centaur skeletons
  16 orc priests
  3 iguanas
  Natasha (twice) (D:3)
  19 orc wizards
  6 worker ants
  A hound skeleton (D:5)
  A worker ant zombie (D:7)
  8 adders
  4 gnolls (D:2)
  2 shadow imps
  An ooze (D:1)
  An adder zombie (D:9)
  An adder skeleton (D:4)
  3 worms
  4 dart slugs
  4 leopard geckos
  79 orcs
  9 bats
  4 giant cockroaches
  6 goblins
  7 hobgoblins
  5 jackals
  3 quokkas
  2 ball pythons
  4 frilled lizards
  A jackal zombie (D:8)
  19 kobolds
  3 leopard gecko zombies
  4 rats
495 creatures vanquished.

Vanquished Creatures (collateral kills)
  A minotaur (Gauntlet)
  A wizard (Volcano)
  An orc knight (Orc:2)
  A centaur simulacrum (Gauntlet)
  A wolf (Gauntlet)
  2 ogres (D:5)
  A scorpion (D:5)
  A wight (D:11)
  A jelly (D:8)
  An adder (D:5)
  A shadow imp (D:5)
  2 orcs (D:11)
  A leopard gecko zombie (D:5)
15 creatures vanquished.

Vanquished Creatures (others)
  A kobold (D:10)
  A quokka (D:10)
  35 fungi (D:8)
  19 plants (D:8)
  A withered plant (Gauntlet)
57 creatures vanquished.

Grand Total: 567 creatures vanquished

Notes
Turn   | Place    | Note
-------+----------+-------------------------------------------
     0 | D:1      | Inquire the Troll Monk began the quest for the Orb.
     0 | D:1      | Reached XP level 1. HP: 22/22 MP: 0/0
   178 | D:1      | Reached XP level 2. HP: 29/29 MP: 1/1
   276 | D:1      | Reached XP level 3. HP: 36/36 MP: 2/2
   925 | D:3      | Found a burning altar of Makhleb.
   942 | D:3      | Found a shadowy altar of Dithmenos.
   949 | D:3      | Became a worshipper of Makhleb the Destroyer
   949 | D:3      | Reached * piety under Makhleb
   949 | D:3      | Reached ** piety under Makhleb
  1037 | D:2      | Reached XP level 4. HP: 37/45 MP: 3/3
  1561 | D:3      | Reached skill level 1 in Invocations
  1561 | D:3      | Reached XP level 5. HP: 53/53 MP: 4/4
  1592 | D:3      | Found a stormy altar of Qazlal.
  1618 | D:3      | Noticed Natasha
  1622 | D:3      | Killed Natasha
  1750 | D:3      | Noticed Natasha
  1761 | D:3      | Killed Natasha
  2010 | D:4      | Reached XP level 6. HP: 62/62 MP: 6/6
  2397 | D:4      | Reached *** piety under Makhleb
  2841 | D:5      | Entered Level 5 of the Dungeon
  2895 | D:5      | Reached skill level 5 in Unarmed Combat
  2930 | D:5      | Noticed Sigmund
  3001 | D:5      | Reached XP level 7. HP: 38/70 MP: 8/8
  3115 | D:5      | Killed Sigmund
  3147 | D:5      | Found a glowing silver altar of Zin.
  3312 | D:5      | Reached XP level 8. HP: 73/79 MP: 9/9
  3436 | D:5      | Reached skill level 5 in Fighting
  3514 | D:5      | Found a sacrificial altar of Ru.
  3868 | D:6      | Found a shattered altar of Ashenzari.
  3904 | D:6      | Learned a level 2 spell: Passwall
  4019 | D:6      | Found a runed translucent door.
  4020 | D:6      | Noticed Crazy Yiuf
  4323 | D:6      | Killed Crazy Yiuf
  4507 | D:7      | Reached skill level 1 in Armour
  4773 | D:7      | Identified a scroll of acquirement
  4779 | D:7      | Reached skill level 5 in Invocations
  4783 | D:7      | Reached skill level 1 in Earth Magic
  4788 | D:7      | Reached **** piety under Makhleb
  4802 | D:7      | Learned a level 3 spell: Stone Arrow
  4848 | D:7      | Reached skill level 2 in Earth Magic
  4848 | D:7      | Reached XP level 9. HP: 85/89 MP: 11/11
  4911 | D:7      | Found a staircase to the Ecumenical Temple.
  5003 | D:7      | Found a hazy altar of Hepliaklqana.
  5235 | D:8      | Reached skill level 3 in Earth Magic
  5410 | D:8      | Reached skill level 4 in Earth Magic
  5462 | D:8      | Found a staircase to the Lair.
  5487 | D:8      | Reached skill level 5 in Earth Magic
  5565 | D:8      | Noticed a two-headed ogre
  5577 | D:8      | Killed a two-headed ogre
  5577 | D:8      | Reached skill level 6 in Earth Magic
  5577 | D:8      | Reached XP level 10. HP: 78/100 MP: 13/13
  6345 | D:9      | Noticed Erica
  6366 | D:9      | Killed Erica
  6366 | D:9      | Reached skill level 7 in Earth Magic
  6561 | D:10     | Entered Level 10 of the Dungeon
  6702 | D:10     | Reached ***** piety under Makhleb
  6899 | D:10     | Reached skill level 8 in Earth Magic
  7113 | D:10     | Noticed Maurice
  7119 | D:10     | Killed Maurice
  7139 | D:10     | Found a glowing silver altar of Zin.
  7139 | D:10     | Found a runed translucent door.
  7139 | D:10     | Noticed an angel
  7151 | D:10     | Reached XP level 11. HP: 101/111 MP: 15/15
  7337 | D:11     | Found a roughly hewn altar of Beogh.
  7337 | D:11     | Found a staircase to the Orcish Mines.
  7561 | D:11     | Killed an unseen horror
  7561 | D:11     | Reached skill level 9 in Earth Magic
  7589 | D:11     | Noticed a two-headed ogre
  7599 | D:11     | Killed a two-headed ogre
  7658 | D:11     | Reached skill level 10 in Unarmed Combat
  8872 | D:12     | Noticed Azrael
  8889 | D:12     | Killed Azrael
  8889 | D:12     | Reached skill level 10 in Earth Magic
  9109 | D:12     | Noticed a two-headed ogre
  9124 | D:12     | Killed a two-headed ogre
  9246 | D:12     | Got a fine diamond amulet
  9355 | D:12     | Noticed a two-headed ogre
  9364 | D:12     | Killed a two-headed ogre
  9364 | D:12     | Reached XP level 12. HP: 89/123 MP: 17/17
  9662 | D:13     | Found a gate leading to a gauntlet.
  9671 | Gauntlet | Entered a Gauntlet
  9671 | Gauntlet | Found a transporter.
  9671 | Gauntlet | Found a transporter.
  9675 | Gauntlet | Found a transporter.
  9675 | Gauntlet | Found a transporter.
  9677 | Gauntlet | Found a large runed translucent door.
  9678 | Gauntlet | Found a large runed translucent door.
  9679 | Gauntlet | Found a large runed translucent door.
  9679 | Gauntlet | Found a large runed translucent door.
  9679 | Gauntlet | Found a runed translucent door.
  9679 | Gauntlet | Found a runed translucent door.
  9680 | Gauntlet | Found a large runed translucent door.
  9680 | Gauntlet | Found a large runed translucent door.
  9680 | Gauntlet | Found a large runed translucent door.
  9680 | Gauntlet | Found a large runed translucent door.
  9681 | Gauntlet | Found a large runed translucent door.
  9682 | Gauntlet | Found a large runed translucent door.
  9684 | Gauntlet | Found a transporter.
  9685 | Gauntlet | Found a large runed translucent door.
  9685 | Gauntlet | Found a large runed translucent door.
  9686 | Gauntlet | Found a large runed translucent door.
  9686 | Gauntlet | Found a large runed translucent door.
  9686 | Gauntlet | Found a large runed translucent door.
  9686 | Gauntlet | Found a large runed translucent door.
  9689 | Gauntlet | Found a runed translucent gate.
  9689 | Gauntlet | Found a runed translucent gate.
  9689 | Gauntlet | Found a runed translucent gate.
  9691 | Gauntlet | Found a transporter.
  9701 | Gauntlet | Found a transporter.
  9701 | Gauntlet | Found a transporter.
  9701 | Gauntlet | Noticed a catoblepas
  9705 | Gauntlet | Found a transporter.
  9711 | Gauntlet | Found the +0 mask of the Dragon {MR+ Slay+3 SInv}
  9732 | Gauntlet | Found a transporter.
  9733 | Gauntlet | Noticed a catoblepas
  9739 | Gauntlet | Found a transporter.
  9757 | Gauntlet | Found a transporter.
  9802 | Gauntlet | Found a transporter.
  9820 | Gauntlet | Found a transporter.
  9919 | Gauntlet | Found a transporter.
  9935 | Gauntlet | Found a transporter.
 10024 | Gauntlet | Identified the amulet "Jugubaep" {Regen+ MP+9} (You found
                  | it on level 12 of the Dungeon)
 10198 | Gauntlet | Noticed a minotaur
 10212 | Gauntlet | Killed a minotaur
 10212 | Gauntlet | Reached skill level 11 in Earth Magic
 10307 | Gauntlet | Found the +3 crown of Dyrovepreva {rElec Int+2 SInv}
 10311 | Gauntlet | Found the +12 Vampire's Tooth {vamp}
 10311 | Gauntlet | Got a silken robe
 10453 | D:13     | Noticed a centaur warrior
 10465 | D:13     | Killed a centaur warrior
 10508 | D:13     | Noticed a two-headed ogre
 10516 | D:13     | Killed a two-headed ogre
 10573 | D:13     | Noticed a catoblepas
 10573 | D:13     | Noticed a tengu warrior
 10578 | D:13     | Noticed a blizzard demon
 10598 | D:13     | Noticed a green death
 10799 | Lair:1   | Entered Level 1 of the Lair of Beasts
 10855 | Lair:1   | Reached skill level 10 in Invocations
 11387 | Lair:1   | Reached skill level 12 in Earth Magic
 11664 | Lair:2   | Found a staircase to the Swamp.
 11732 | Lair:2   | Reached skill level 10 in Fighting
 11825 | Lair:2   | Reached XP level 13. HP: 93/133 MP: 19/19
 12203 | Orc:1    | Entered Level 1 of the Orcish Mines
 12203 | Orc:1    | Found Acaiseno's General Store.
 12205 | Orc:1    | Noticed an orc warlord
 12412 | Orc:1    | Killed an orc warlord
 12431 | Orc:1    | Reached ****** piety under Makhleb
 12497 | Orc:1    | Bought a scroll of teleportation for 42 gold pieces
 12497 | Orc:1    | Bought a potion of ambrosia for 112 gold pieces
 12511 | Orc:1    | Noticed an orc warlord
 12519 | Orc:1    | Found a roughly hewn altar of Beogh.
 12538 | Orc:1    | Killed an orc warlord
 12761 | Orc:2    | Entered Level 2 of the Orcish Mines
 12911 | Orc:2    | Found a dark tunnel.
 12924 | Volcano  | Entered a volcano
 13040 | Volcano  | Reached skill level 13 in Earth Magic
 13184 | Orc:2    | Identified the +2 robe "Ischab" {Str+2 Stlth+} (You found
                  | it in a Gauntlet)
 13217 | Orc:2    | Found a roughly hewn altar of Beogh.
 13535 | Orc:1    | Reached skill level 1 in Shields
 13818 | Orc:2    | Noticed Saint Roka
 13837 | Orc:2    | Noticed a green death
 13949 | Orc:2    | Killed from afar by an orc priest

Levels and vault maps discovered:
D:1:      saegor_arrival_simple_a, layout_loops_ring, minmay_three_crescents
D:2:      layout_basic
D:3:      layout_basic, lemuel_crystal_altar, nicolae_overflow_crystal_walls,
          wad_floor_pattern_untrapped, bloody_makhleb, uniq_natasha
D:4:      cheibrodos_quashed, layout_basic, first_ration
D:5:      layout_basic, nicolae_ru_the_path_less_chosen, zin_scriptorium,
          serial_corexii_hall, corexii_hall_statues_i, chequers_hall_statues_y,
          kennysheep_generic_room_16, uniq_sigmund
D:6:      layout_gridville, old_standard_altar, uniq_crazy_yiuf_cottage
D:7:      layout_loops_ring, nicolae_overflow_hidden_temple, temple_hall
D:8:      layout_basic, due_lair_maze_entry_diamond
D:9:      layout_roguey, uniq_erica
D:10:     layout_rooms, hangedman_stone_soup, lemuel_angel_altar, uniq_maurice
D:11:     layout_layer_cave, david_orc_5, grunt_ministairs_10
D:12:     layout_basic, uniq_azrael
D:13:     layout_basic, gauntlet_entry_generic
Lair:1:   layout_roguey [special_room_bee], chequers_serial_rivers_micro_a,
          beast_lair_carwin_2
Lair:2:   layout_hall_layers, minmay_swamp_entry_wisps
Orc:1:    layout_caves, serial_shops, nicolae_shop_stone, basic_altar
Orc:2:    grunt_orc_cross, layout_caves, enter_volcano_1
